 Dungeon Crawl Stone Soup version 0.20-a0-972-gb9bd3e6 (webtiles) character file.

132174 MirrMurr the Warrior (level 16, -5/136 HPs)
             Began as a Demonspawn Berserker on Apr 8, 2017.
             Was a High Priest of Trog.
             Drowned by a drowned soul (16 damage)
             ... summoned by a merfolk avatar
             ... on level 1 of the Shoals on Apr 9, 2017.
             The game lasted 01:50:09 (31683 turns).

MirrMurr the Warrior (Demonspawn Berserker)        Turns: 31683, Time: 01:50:10

Health: -5/136     AC: 30    Str: 30    XL:     16   Next: 57%
Magic:  16/16      EV: 15    Int:  8    God:    Trog [*****.]
Gold:   1848       SH:  6    Dex: 21    Spells: 15/15 levels left

rFire    + . .     SeeInvis .   a - +9 demon trident (venom)
rCold    + . .     Gourm    .   k - +0 buckler
rNeg     . . .     Faith    .   T - +0 crystal plate armour
rPois    .         Spirit   .   O - +0 hat {MR+}
rElec    .         Reflect  .   l - scarf {rC+ rF+}
rCorr    .         Harm     .   H - +0 pair of gloves
MR       +++..                  n - +2 pair of boots {run}
Stlth    ..........             (no amulet)
Regen    0.4/turn               F - ring of protection from magic
MPRegen  0.2/turn               f - ring of Foyrch {Str+7 Dex+6}

@: very slow
A: claws 2, molten scales 2, demonic guardian 1, foul stench 2, rot immunity
a: Berserk, Trog's Hand, Brothers in Arms, Burn Spellbooks, Renounce Religion


You were on level 1 of the Shoals.
You worshipped Trog.
Trog was extremely pleased with you.
You were not hungry.

You visited 4 branches of the dungeon, and saw 26 of its levels.
You also visited: Bailey.

You collected 2603 gold pieces.
You spent 755 gold pieces at shops.

Inventory:

Hand Weapons
 a - a +9 demon trident of venom (weapon)
 b - a +5 glaive of protection
 h - a +0 bardiche
Missiles
 e - 646 stones
 p - 7 throwing nets
 s - 9 javelins (quivered)
Armour
 k - a +0 buckler (worn)
 l - a scarf of resistance (worn)
 n - a +2 pair of boots of running (worn)
 H - a +0 pair of gloves (worn)
 O - a +0 hat of magic resistance (worn)
 T - a +0 crystal plate armour (worn)
Jewellery
 f - the ring of Foyrch (right hand) {Str+7 Dex+6}
   (You found it on level 5 of the Dungeon)

   [ring of dexterity]

   It affects your strength (+7).
   It affects your dexterity (+6).
 v - an uncursed ring of protection from cold
 C - an uncursed amulet of guardian spirit
 F - a ring of protection from magic (left hand)
 J - an uncursed ring of fire
 M - an uncursed ring of see invisible
Wands
 m - a wand of iceblast (8/15)
 u - a wand of acid (9/15)
 y - a wand of lightning (11/15)
 B - a wand of paralysis (4/24)
 G - a wand of disintegration (18/24)
 L - a wand of clouds (3/9)
 P - a wand of polymorph (15/24)
 R - a wand of digging (16/24)
Scrolls
 d - 14 scrolls of teleportation
 r - 12 scrolls of remove curse
 w - 2 scrolls of magic mapping
 I - 2 scrolls of enchant weapon
 K - 3 scrolls of fear
 N - 11 scrolls of enchant armour
 W - 2 scrolls of summoning
Potions
 g - 5 potions of mutation
 o - a potion of invisibility
 t - 9 potions of heal wounds
 x - 2 potions of magic
 z - 4 potions of resistance
 A - 6 potions of flight
 D - 3 potions of lignification
 E - 3 potions of might
 Q - 10 potions of curing
 S - 3 potions of haste
 U - 2 potions of cancellation
 V - a potion of berserk rage {bailey}
Miscellaneous
 X - a phantom mirror
Comestibles
 c - 19 bread rations
 i - 9 chunks of flesh
 j - 13 royal jellies
 q - 13 meat rations


   Skills:
 * Level 15.5 Fighting
 - Level 14.9 Polearms
 + Level 12.7 Armour
 + Level 12.7 Dodging
 - Level 5.1 Shields


You had 15 spell levels left.
You didn't know any spells.

Dungeon Overview and Level Annotations

Branches:
Dungeon (15/15)            Temple (0/1) D:6            Lair (6/6) D:8
 Shoals (3/4) Lair:4        Snake (0/4) Lair:3        Slime (0/5) Lair:5
    Orc (2/2) D:9             Elf (0/3) Orc:2        Vaults (0/5) D:14
 Depths (0/5) D:15

Altars:
Ashenzari
Cheibriados
Elyvilon
Fedhas
Hepliaklqana
Kikubaaqudgha
Makhleb
Nemelex Xobeh
Okawaru
Qazlal
Ru
Sif Muna
Vehumet
Wu Jian
Zin
The Shining One

Shops:
D:4 =   D:9 :   D:11 *((   Orc:1 }   Orc:2 %(*!?

Portals:
Trove: D:12 (give 4 potions of resistance)

Annotations:
D:4 dig
D:9 1 runed door w/ uglies
D:14 exclusion: orange crystal statue
Shoals:1 exclusion: Roxanne, Roxanne


Innate Abilities, Weirdness & Mutations

You have very sharp fingernails.
You are mostly covered in molten scales. (AC +3)
A weak demonic guardian rushes to your aid.
You frequently emit foul miasma when damaged in melee.
You are immune to rotting.


Message History

The drowned soul drowns you!
* * * LOW HITPOINT WARNING * * *
The merfolk avatar chants a haunting song.
You resist with almost no effort.
There are no items here.
The drowned soul touches you. The drowned soul drowns you!
* * * LOW HITPOINT WARNING * * *
Your troll rages.
The merfolk avatar chants a haunting song.
You resist with almost no effort. You block the drowned soul's attack.
The merfolk avatar chants a haunting song.
You resist with almost no effort.
Your troll bites the drowned soul.
Your troll claws the drowned soul!
Your troll claws the drowned soul.
The drowned soul is destroyed!
You block the drowned soul's attack.
Your troll bites the drowned soul!
Your troll claws the drowned soul.
Your troll misses the drowned soul. The drowned soul touches you.
The drowned soul drowns you!
You die...

≈≈≈≈≈≈≈..≈≈...≈≈≈≈≈P≈≈≈..
≈≈≈≈≈≈≈≈..[....≈≈≈≈≈≈≈≈≈≈
≈≈≈≈≈≈...# .^≈≈≈≈≈≈≈≈≈.≈
≈≈≈≈≈≈≈..# #.≈≈≈≈≈≈≈≈≈≈≈≈
≈≈≈≈≈≈≈>.##.≈≈≈≈≈≈≈≈≈..≈≈
≈≈≈≈≈≈≈.....≈≈≈≈≈≈≈≈≈.≈≈.
≈≈≈≈≈≈≈>....W≈≈≈≈≈≈≈≈≈≈≈≈
≈≈≈≈≈≈≈≈≈≈≈≈≈≈≈≈≈≈≈≈≈≈≈≈≈
≈≈≈≈≈≈≈T@≈≈≈≈≈≈≈≈≈≈≈≈≈≈≈≈
≈≈≈≈≈≈≈≈≈≈≈≈≈≈≈≈≈≈≈≈≈≈≈≈≈
≈≈≈≈≈≈≈≈≈m≈≈≈≈≈≈≈≈≈≈≈≈≈≈≈
≈≈≈≈≈≈≈≈≈≈≈≈≈≈≈≈≈≈≈≈≈≈≈≈≈
≈≈≈≈≈≈≈≈≈≈≈≈≈≈≈≈≈≈≈≈≈≈≈≈≈
≈≈≈≈≈≈≈≈≈≈≈≈≈≈≈≈≈≈≈≈≈≈≈≈≈
≈≈≈≈≈≈≈≈≈≈≈≈≈≈≈≈≈≈≈≈≈≈≈≈
≈≈≈≈≈≈≈≈≈W≈≈≈≈≈≈≈≈≈≈≈≈≈≈
≈≈≈≈≈≈≈≈


You could see a merfolk avatar, 2 drowned souls and a friendly troll (berserk).

Vanquished Creatures
  Gastronok (Lair:2)
  An orc warlord (Orc:2)
  A stone giant (Orc:1)
  The ghost of Tyryt0 the Blocker, a journeyman FoFi of Qazlal (Orc:2)
  A dire elephant (Lair:6)
  An ettin (Orc:2)
  Snorg (Orc:2)
  A yaktaur captain (D:15)
  2 merfolk impalers
  A vault guard (D:14)
  7 hydras
  An alligator snapping turtle (Shoals:1)
  A catoblepas (Lair:6)
  2 merfolk avatars (Shoals:1)
  6 centaur warriors
  5 two-headed ogres
  3 satyrs
  A deep troll shaman (Lair:6)
  The ghost of Murumi the Covert, a novice NaAs of Cheibriados (Bailey)
  6 death yaks
  2 orc high priests (Orc:2)
  21 slime creatures
  Nergalle (D:10)
  An unseen horror (D:12)
  8 sea snakes
  2 wizards (D:14)
  3 harpies (Shoals:1)
  4 orc sorcerers
  12 orc knights
  2 necromancers (D:14)
  9 fauns
  An orb spider (shapeshifter) (D:14)
  9 ugly things
  4 manticores
  A deep elf mage (D:15)
  6 cyclopes
  2 centaur zombies
  6 merfolk sirens
  3 black mambas
  A gargoyle (D:14)
  2 water nymphs
  18 elephants
  7 spiny frogs
  An efreet (D:13)
  4 komodo dragons
  4 centaur skeletons
  9 rime drakes
  A yaktaur (D:15)
  7 trolls
  A queen bee (shapeshifter) (D:13)
  20 merfolk
  3 polar bears
  4 wind drakes
  7 snapping turtles
  A hornet (D:10)
  Grinder (D:6)
  11 dream sheep
  11 hippogriffs
  13 blink frogs
  A shadow (D:15)
  A spriggan (Lair:3)
  5 water elementals
  A hungry ghost (D:11)
  2 wyverns
  4 hogs
  19 humans
  2 steam dragons (Shoals:2)
  6 basilisks
  54 yaks
  4 vampire mosquitoes (D:14)
  4 wargs
  3 nagas (Lair:3)
  5 water moccasins
  10 porcupines
  A soldier ant (D:12)
  Duvessa (D:5)
  5 sky beasts
  10 ice beasts
  27 orc warriors
  A phantom (D:6)
  6 black bears
  7 wolves
  5 ogres
  13 centaurs
  13 crocodiles
  2 big kobolds (D:11)
  11 bullfrogs
  2 wyvern zombies
  8 wights
  An electric eel (Lair:2)
  2 crimson imps
  9 hounds
  A jelly (D:10)
  18 orc priests
  A gnoll shaman (D:6)
  24 orc wizards
  9 worker ants
  5 iguanas
  11 hell rats
  2 killer bee zombies
  3 hound skeletons
  2 howler monkey skeletons
  8 adders
  35 gnolls
  4 shadow imps
  3 oozes
  2 dart slugs
  4 worms
  8 leopard geckos
  116 orcs
  3 giant cockroaches
  14 goblins
  3 hobgoblins
  17 jackals
  8 quokkas
  A ball python (D:4)
  6 bats
  4 frilled lizards
  A giant cockroach zombie (D:6)
  10 kobolds
  5 rats
  3 fungi
843 creatures vanquished.

Vanquished Creatures (collateral kills)
  Kirke (Shoals:2)
  A merfolk javelineer (Shoals:3)
  A merfolk impaler (Shoals:3)
  A vault guard (D:14)
  3 two-headed ogres
  An orc high priest (Orc:2)
  A sea snake (Shoals:1)
  An ugly thing (D:15)
  An orc sorcerer (Orc:2)
  A slime creature (D:13)
  A merfolk siren (Shoals:3)
  An elephant (Lair:3)
  2 black mambas (Lair:3)
  A spiny frog (Lair:2)
  4 merfolk (Shoals:3)
  A wind drake (Shoals:3)
  3 dream sheep
  A hippogriff (Shoals:1)
  A wyvern (D:8)
  3 yaks
  2 hogs
  Menkaure (D:4)
  An orc warrior (Orc:2)
  A bullfrog (D:7)
  Dowan (D:5)
  A scorpion (D:3)
  3 orc priests
  A bullfrog skeleton (D:5)
  An orc wizard (D:11)
  8 orcs
  A kobold (D:11)
51 creatures vanquished.

Vanquished Creatures (others)
  An ogre (D:14)
  A human (D:4)
  6 fungi
  5 plants
13 creatures vanquished.

Grand Total: 907 creatures vanquished

Notes
Turn   | Place    | Note
-------+----------+-------------------------------------------
     0 | D:1      | MirrMurr the Demonspawn Berserker began the quest for the Orb.
     0 | D:1      | Reached XP level 1. HP: 18/18 MP: 1/1
   140 | D:1      | Gained mutation: You are immune to rotting. [demonic ancestry]
   140 | D:1      | Reached XP level 2. HP: 21/24 MP: 2/2
   720 | D:2      | Reached XP level 3. HP: 29/29 MP: 3/3
  1379 | D:3      | Reached ** piety under Trog
  1473 | D:3      | Gained mutation: A weak demonic guardian rushes to your aid. [demonic ancestry]
  1473 | D:3      | Reached XP level 4. HP: 35/35 MP: 4/4
  2217 | D:4      | Found a burning altar of Makhleb.
  2219 | D:4      | Found a glowing silver altar of Zin.
  2219 | D:4      | Noticed an angel
  2220 | D:4      | Noticed a green death
  2292 | D:4      | Found Leskaunn's Jewellery Shoppe.
  2326 | D:4      | Noticed Menkaure
  2472 | D:4      | Killed Menkaure
  2472 | D:4      | Gained mutation: You may emit foul miasma when damaged in melee. [demonic ancestry]
  2472 | D:4      | Reached XP level 5. HP: 16/42 MP: 5/5
  2679 | D:4      | Found an ancient bone altar of Kikubaaqudgha.
  2710 | D:4      | Reached skill level 4 in Fighting
  2726 | D:4      | Reached XP level 6. HP: 32/48 MP: 6/6
  3225 | D:4      | Noticed a human
  3227 | D:4      | Killed a human
  3253 | D:5      | Entered Level 5 of the Dungeon
  3338 | D:5      | Found a glowing golden altar of the Shining One.
  3400 | D:5      | Got a glittering lapis lazuli ring
  3401 | D:5      | Identified the ring of Foyrch {Str+7 Dex+6} (You found it on level 5 of the Dungeon)
  3416 | D:5      | Noticed Duvessa
  3417 | D:5      | Noticed Dowan
  3436 | D:5      | Killed Duvessa
  3436 | D:5      | Reached skill level 5 in Polearms
  3445 | D:5      | Killed Dowan
  3745 | D:5      | Gained mutation: You are partially covered in molten scales. (AC +2) [demonic ancestry]
  3745 | D:5      | Reached XP level 7. HP: 42/55 MP: 7/7
  4041 | D:5      | Found a shattered altar of Ashenzari.
  4579 | D:6      | You fall through a shaft!
  4580 | D:7      | @> traps...
  4651 | D:7      | Found a sparkling altar of Nemelex Xobeh.
  4799 | D:7      | Reached skill level 5 in Fighting
  4865 | D:7      | Reached XP level 8. HP: 62/62 MP: 8/8
  4973 | D:7      | Noticed a two-headed ogre
  4980 | D:7      | Killed a two-headed ogre
  5337 | D:6      | Reached *** piety under Trog
  5595 | D:6      | Reached skill level 5 in Dodging
  5625 | D:6      | Reached skill level 5 in Armour
  5669 | D:6      | Reached XP level 9. HP: 45/69 MP: 9/9
  5917 | D:6      | Reached skill level 6 in Fighting
  5928 | D:6      | Reached **** piety under Trog
  6025 | D:6      | Found a staircase to the Ecumenical Temple.
  6195 | D:6      | Noticed Grinder
  6195 | D:6      | Paralysed by Grinder for 3 turns
  6213 | D:6      | Killed Grinder
  7127 | D:8      | Found a white marble altar of Elyvilon.
  7130 | D:8      | Found a stormy altar of Qazlal.
  7133 | D:8      | Found a hazy altar of Hepliaklqana.
  7134 | D:8      | Found an iron altar of Okawaru.
  7134 | D:8      | Found a sacrificial altar of Ru.
  7135 | D:8      | Found a deep blue altar of Sif Muna.
  7136 | D:8      | Found a radiant altar of Vehumet.
  7138 | D:8      | Found a snail-covered altar of Cheibriados.
  7139 | D:8      | Found an ornate altar of the Wu Jian Council.
  7201 | D:8      | Noticed a two-headed ogre
  7207 | D:8      | Killed a two-headed ogre
  7319 | D:8      | Reached skill level 7 in Fighting
  7388 | D:8      | Found a staircase to the Lair.
  7406 | D:8      | Noticed a two-headed ogre
  7418 | D:8      | Killed a two-headed ogre
  7418 | D:8      | Gained mutation: You have sharp fingernails. [demonic ancestry]
  7418 | D:8      | Reached XP level 10. HP: 15/79 MP: 10/10
  7754 | D:8      | Noticed a two-headed ogre
  7758 | D:8      | Killed a two-headed ogre
  8001 | D:8      | Found a deep blue altar of Sif Muna.
  8536 | D:9      | Noticed a two-headed ogre
  8547 | D:9      | Killed a two-headed ogre
  8976 | D:9      | Reached ***** piety under Trog
  9186 | D:9      | Found a staircase to the Orcish Mines.
  9360 | D:9      | Found Benlosh's Book Shoppe.
  9514 | D:9      | Found a runed door.
  9514 | D:9      | Noticed a deep elf knight
  9514 | D:9      | Noticed a sphinx
  9514 | D:9      | Noticed a deep troll
  9516 | D:9      | Noticed a seven-headed hydra
  9516 | D:9      | Noticed a deep elf knight
  9516 | D:9      | Noticed a fire crab
  9516 | D:9      | Noticed a centaur warrior
  9635 | D:10     | Entered Level 10 of the Dungeon
  9664 | D:10     | Reached skill level 10 in Polearms
  9672 | D:10     | Noticed Nergalle
  9711 | D:10     | Killed Nergalle
  9711 | D:10     | Reached skill level 8 in Fighting
 10059 | D:10     | Gained mutation: You are mostly covered in molten scales. (AC +3) [demonic ancestry]
 10059 | D:10     | Reached XP level 11. HP: 81/86 MP: 11/11
 10202 | D:10     | Noticed a two-headed ogre
 10210 | D:10     | Killed a two-headed ogre
 10580 | D:11     | Found Cukh's Weapon Shoppe.
 10624 | D:11     | Found Arhoomm's Assorted Antiques.
 10717 | D:11     | Noticed a white ugly thing
 10728 | D:11     | Noticed a two-headed ogre
 10728 | D:11     | Killed a white ugly thing
 10978 | D:11     | Received a gift from Trog
 11109 | D:11     | Noticed a seven-headed hydra
 11128 | D:11     | Killed a seven-headed hydra
 11189 | D:11     | Killed a two-headed ogre
 11189 | D:11     | Reached skill level 9 in Fighting
 11283 | D:11     | Found Yvoekina's Weapon Boutique.
 11852 | Lair:1   | Entered Level 1 of the Lair of Beasts
 13068 | Lair:2   | Noticed Gastronok
 13122 | Lair:2   | Killed Gastronok
 13122 | Lair:2   | Gained mutation: You frequently emit foul miasma when damaged in melee. [demonic ancestry]
 13122 | Lair:2   | Reached XP level 12. HP: 91/96 MP: 12/12
 13207 | Lair:2   | Noticed a four-headed hydra
 13228 | Lair:2   | Killed a four-headed hydra
 13700 | Lair:2   | Reached skill level 10 in Fighting
 14150 | Lair:2   | Noticed a five-headed hydra
 14161 | Lair:2   | Killed a five-headed hydra
 14455 | Lair:3   | Received a gift from Trog
 14593 | Lair:3   | Gained mutation: You have very sharp fingernails. [demonic ancestry]
 14593 | Lair:3   | Reached XP level 13. HP: 75/104 MP: 13/13
 14622 | Lair:3   | Found a staircase to the Snake Pit.
 15869 | Lair:4   | Reached skill level 1 in Shields
 16419 | Lair:4   | Found a staircase to the Shoals.
 16862 | Lair:5   | Reached skill level 11 in Fighting
 16862 | Lair:5   | Reached skill level 10 in Dodging
 16875 | Lair:5   | Reached skill level 10 in Armour
 17217 | Lair:5   | Identified a scroll of acquirement
 17224 | Lair:5   | Identified a +2 pair of boots of running (You acquired it on level 5 of the Lair of Beasts)
 17224 | Lair:5   | @> boots of runniiiiiing!
 17340 | Lair:5   | Found a staircase to the Slime Pits.
 17524 | Lair:5   | Reached ****** piety under Trog
 17718 | Lair:5   | Found a sparkling altar of Nemelex Xobeh.
 17740 | Lair:5   | Got a distressingly furry plate armour
 17757 | Lair:4   | Identified the +0 plate armour "Gijouq" {rF- rN++ Str+3 Dex+2} (You found it on level 5 of the Lair of Beasts)
 18067 | Lair:6   | Entered Level 6 of the Lair of Beasts
 18478 | Lair:6   | Reached XP level 14. HP: 113/113 MP: 14/14
 18547 | Lair:6   | Received a gift from Trog
 19839 | D:12     | Found a portal to a secret trove of treasure.
 19945 | D:12     | Identified Sif Muna's Incunabulum of Captivating Intoxication
 20203 | D:13     | Received a gift from Trog
 20214 | D:13     | Found a flagged portal.
 20229 | Bailey   | Entered a bailey
 20229 | Bailey   | Noticed Murumi's ghost (novice NaAs)
 20257 | Bailey   | Killed Murumi's ghost
 21643 | D:14     | Reached skill level 5 in Shields
 22087 | D:14     | Reached skill level 12 in Fighting
 22206 | D:14     | Received a gift from Trog
 22641 | D:14     | Reached XP level 15. HP: 64/121 MP: 7/15
 22937 | D:14     | Found a gate to the Vaults.
 23006 | D:15     | Entered Level 15 of the Dungeon
 23108 | D:15     | Found a glowing golden altar of the Shining One.
 23436 | D:15     | Received a gift from Trog
 23496 | D:15     | Found a blossoming altar of Fedhas.
 23561 | D:15     | Found a staircase to the Depths.
 23569 | D:15     | Reached skill level 13 in Fighting
 24047 | Orc:1    | Entered Level 1 of the Orcish Mines
 24056 | Orc:1    | Found Qaitsa Icwio's Quality Used Wands.
 24903 | Orc:2    | Entered Level 2 of the Orcish Mines
 24968 | Orc:2    | Found a staircase to the Elven Halls.
 24986 | Orc:2    | Found Futyb's Food Boutique.
 25035 | Orc:2    | Noticed Tyryt0's ghost (journeyman FoFi)
 25069 | Orc:2    | Killed Tyryt0's ghost
 25432 | Orc:2    | Noticed an orc warlord
 25432 | Orc:2    | Paralysed by an orc sorcerer for 6 turns
 25534 | Orc:2    | Killed an orc warlord
 25534 | Orc:2    | Received a gift from Trog
 25723 | Orc:2    | Noticed Snorg
 25730 | Orc:2    | Killed Snorg
 26110 | Orc:2    | Reached skill level 14 in Fighting
 26237 | Orc:2    | Found Kewucuats's General Store.
 26237 | Orc:2    | Found Uzienack's Antique Weapon Emporium.
 26239 | Orc:2    | Found Zatofeuj's Distillery.
 26239 | Orc:2    | Found Ulirr's Magic Scroll Shop.
 26250 | Orc:2    | Upgraded the game from 0.20-a0-970-gcd8f41e to 0.20-a0-972-gb9bd3e6
 26385 | Orc:2    | Got a faintly glowing halberd {god gift}
 26391 | Orc:2    | Identified the +1 halberd of Calculation {flame, *Slow rC++ Stlth+} (Trog gifted it to you on level 2 of the Orcish Mines)
 26533 | D:11     | Bought a glowing garnet amulet for 175 gold pieces
 26538 | D:11     | Bought an embroidered scarf for 280 gold pieces
 26703 | D:4      | Bought an uncursed ring of protection from magic for 300 gold pieces
 26911 | Shoals:1 | Entered Level 1 of the Shoals
 27255 | Shoals:1 | Noticed Roxanne
 28096 | Shoals:1 | Received a gift from Trog
 28105 | Shoals:1 | Reached XP level 16. HP: 82/134 MP: 16/16
 29403 | Shoals:2 | Noticed Kirke
 29419 | Shoals:2 | Killed Kirke
 29788 | Shoals:2 | Reached skill level 15 in Fighting
 30149 | Shoals:3 | Received a gift from Trog
 31683 | Shoals:1 | Drowned by a drowned soul

Vault maps used:
D:1:      tarquinn_simple_flora_water_c, minmay_door_square
D:3:      first_bread
D:4:      grunt_temple_overflow_order_and_chaos_2, serial_shops, shop,
          serial_glass, glass_columns_a, glass_columns_a, due_unseen_surprise,
          item_on_display_a, minmay_strange_pillars, minmay_strange_pillars,
          tgw_kikubaaqudgha, uniq_menkaure
D:5:      tso_metal_star, evilmike_ruin_ashenzari, uniq_duvessa
D:6:      lemuel_castle_with_subvaults, temple_green, uniq_grinder
D:7:      nemelex_xobeh_ov_fountains_minmay
D:8:      minitemple, lair_entry_dummy, lemuel_blue_sif_altar
D:9:      minmay_gate_of_8, hiddenorc2_lemuel, serial_shops, shop
D:10:     grunt_livestock, serial_bayou_pond_e, uniq_nergalle
D:11:     serial_shops, shop, nicolae_shop_competitors_out_of_business,
          kennysheep_small_circle
D:12:     nicolae_trove_entry_diagonal
D:13:     lightli_bailey_entry_fortress
D:14:     grunt_vaults_entry_tiered, minivault_16
D:15:     grunt_enter_depths_snipers, basic_altar, fungi_pond_lemuel,
          fedhas_altar_2
Lair:1:   eino_small_chamber_without_monster
Lair:2:   serial_bayou_pond_b, lemuel_another_geyser, uniq_gastronok
Lair:3:   guppyfry_snake_entry_island, portal_ice_cave_entry_ice_beasts,
          grunt_forest_stairs_clearing, grunt_megastairs_1
Lair:4:   elwin_shoals_entry_rocks, grunt_megastairs_5
Lair:5:   slime_dummy, basic_altar, serial_bayou_pond_e
Lair:6:   grunt_lair_end_beastmaster, enter_volcano_4
Shoals:1: uniq_roxanne
Shoals:2: nicolae_shoals_drake_roost, uniq_kirke
Shoals:3: nicolae_shoals_wave_tunnel
Orc:1:    nicolae_for_you_no_charge
Orc:2:    grunt_orc_tribal_feast, serial_shops, nicolae_shop_behind_doors,
          uniq_snorg
Bailey:   bailey_polearm_5, bailey

Skill      XL: |  1  2  3  4  5  6  7  8  9 10 11 12 13 14 15 16 |
---------------+-------------------------------------------------+-----
Polearms       | 3 4 5 6 7 9 10 11 13 14 | 14.9
Dodging        | 2 3 4 5 6 7 8 9 10 11 12 | 12.7
Armour         | 2 3 4 5 6 7 8 9 10 11 12 | 12.7
Fighting       | 4 5 7 8 9 10 11 12 14 15 | 15.5
Shields        | 3 5 |  5.1

Action                   |  1- 3 |  4- 6 |  7- 9 | 10-12 | 13-15 | 16-18 || total
-------------------------+-------+-------+-------+-------+-------+-------++-------
Melee: Spear             |   129 |   205 |    70 |       |       |       ||   404
       Glaive            |       |       |   313 |    70 |       |       ||   383
       Demon trident     |       |       |       |   508 |  1774 |   447 ||  2729
       Trident           |       |       |       |    58 |       |       ||    58
Throw: Stone             |    11 |       |       |       |       |       ||    11
Invok: Trog's Hand       |       |     1 |     1 |     2 |     6 |     3 ||    13
       Berserk           |       |       |     3 |     6 |     5 |       ||    14
       Burn Spellbooks   |       |       |       |     1 |     4 |       ||     5
       Brothers in Arms  |       |       |       |       |       |     2 ||     2
Evoke: Wand              |       |       |       |       |     7 |       ||     7
  Use: Scroll            |     3 |     5 |    11 |    11 |    16 |     2 ||    48
       Potion            |       |       |     1 |     2 |     1 |       ||     4
 Stab: Distracted        |       |       |     1 |     5 |    13 |     1 ||    20
       Paralysed         |       |       |       |       |     2 |       ||     2
  Eat: Chunk             |     2 |     7 |    16 |    25 |    44 |    13 ||   107
       Royal jelly       |       |       |       |     1 |       |       ||     1
       Fruit             |       |       |       |     3 |     6 |     1 ||    10
Armor: Animal skin       |     4 |       |       |       |       |       ||     4
       Plate armour      |    36 |    89 |   206 |   173 |   197 |       ||   701
       Crystal plate arm |       |       |       |       |   213 |   157 ||   370
Dodge: Dodged            |    34 |    37 |   228 |   209 |   476 |   117 ||  1101
Block: Buckler           |       |       |       |       |   196 |    87 ||   283
